 Dungeon Crawl Stone Soup version 0.27.0-66-gdc8fb28755 (webtiles) character file.

Game seed: 14492249825633196874

664 horus123 the Covered (level 7, -5/55 HPs)
             Began as a Human Fighter on Aug 19, 2021.
             Was an Initiate of Elyvilon.
             Engulfed by a steam dragon's steam (6 damage)
             ... on level 5 of the Dungeon.
             The game lasted 00:09:30 (6184 turns).

horus123 the Covered (Human Fighter)                Turns: 6184, Time: 00:09:31

Health: -5/55      AC:  7    Str: 18    XL:     7   Next: 87%
Magic:  7/7        EV:  8    Int:  8    God:    Elyvilon [......]
Gold:   112        SH:  9    Dex: 13    Spells: 6/6 levels left

rFire    . . .     SeeInvis .   a - +0 long sword
rCold    . . .     Faith    .   c - +0 kite shield
rNeg     . . .     Spirit   .   b - +0 scale mail
rPois    .         Reflect  .   (no helmet)
rElec    .         Harm     .   (no cloak)
rCorr    .         Rampage  .   (no gloves)
Will     .....                  (no boots)
Stlth    ..........             (no amulet)
HPRegen  0.18/turn              (no ring)
MPRegen  0.10/turn              (no ring)

@: no status effects
A: no striking features
a: Renounce Religion


You were on level 5 of the Dungeon.
You worshipped Elyvilon.
Elyvilon was noncommittal.
You visited 2 branches of the dungeon, and saw 6 of its levels.

You collected 112 gold pieces.

Inventory:

Hand Weapons
 a - a +0 long sword (weapon)
Armour
 b - a +0 scale mail (worn)
 c - a +0 kite shield (worn)
Wands
 j - a wand of mindburst (12)
Scrolls
 i - a scroll of amnesia
Potions
 g - 3 potions of resistance
 h - a potion of invisibility
 l - a potion of lignification {unknown}
 m - 2 potions of haste {unknown}


   Skills:
 * Level 4.3 Fighting
 + Level 4.2 Long Blades
 * Level 5.4 Armour
 + Level 1.3 Dodging
 + Level 0.2 Stealth
 * Level 4.8 Shields


You had 6 spell levels left.
You didn't know any spells.
Your spell library contained the following spells:

 Spells                   Type           Power      Damage    Failure   Level
 Freeze                   Ice            0%         1d3       99%         1
 Frozen Ramparts          Ice            0%         1d2       100%        3
 Gell's Gravitas          Tloc           0%         N/A       100%        3
 Lesser Beckoning         Tloc           0%         N/A       100%        3
 Teleport Other           Tloc           0%         N/A       100%        3
 Hailstorm                Conj/Ice       0%         3d3       100%        4


Dungeon Overview and Level Annotations

Branches:
Dungeon (5/15)             Temple (1/1) D:5

Altars:
Cheibriados
Dithmenos
Elyvilon
Gozag
Hepliaklqana
Makhleb
Nemelex Xobeh
Okawaru
Qazlal
Sif Muna
Trog
Wu Jian
Xom
Yredelemnul

Annotations:
D:5 exclusion: oklob sapling


Message History

Okay, then.
Something hits you. The steam dragon bites you!
The steam dragon claws you but does no damage.
You hit the steam dragon but do no damage.
You are engulfed in a cloud of scalding steam.
Something hits you but does no damage. The steam dragon bites you.
The steam dragon claws you. The steam dragon breathes steam at you.
The ball of steam hits you! You block something's attack.
You slash the steam dragon!
The steam dragon is moderately wounded.
Something hits you. The steam dragon bites you!
The steam dragon barely misses you.
You hit the steam dragon.
The steam dragon is moderately wounded.
You block something's attack. The steam dragon breathes steam at you.
The ball of steam hits you!
* * * LOW HITPOINT WARNING * * *
You barely miss the steam dragon.
The steam dragon is moderately wounded.
You are engulfed in a cloud of scalding steam.
The steam dragon bites you!
* * * LOW HITPOINT WARNING * * *
The steam dragon claws you.
* * * LOW HITPOINT WARNING * * *
Something hits you.
* * * LOW HITPOINT WARNING * * *
The steam dragon bites you but does no damage.
The steam dragon closely misses you.
You hear some strange, mumbled words.
A magic dart appears from out of thin air!
The magic dart hits you.
* * * LOW HITPOINT WARNING * * *
Aiming: Mindburst
Press: ? - help, Shift-Dir - straight line, f - steam dragon
Aim: a steam dragon (moderately wounded, chance to affect: 65%)
The steam dragon struggles to resist.
You are engulfed in a cloud of scalding steam.
You die...

....###..#.###(##..##...###
.######.....[..##..........
............... .......$...
..............# #..........
<..###<.......###..).......
..)#..).........#..........
....#.........#.§...)...§..
................#{...).....
............§.#§@D.........
..<...........###..........
..............# #......[...
..........##### ##.......##
###........# ##.....##
#........# .......
#####...## (......#
###...##### .... #§#....###


You could see a steam dragon.

Vanquished Creatures
  2 necrophages (D:5)
  2 scorpions (D:5)
  A water moccasin skeleton (D:4)
  A bullfrog zombie (D:5)
  A hound (D:5)
  An orc priest (D:3)
  A bullfrog skeleton (D:5)
  A jelly (D:5)
  Jessica (D:2)
  An iguana (D:5)
  Terence (D:3)
  5 adders
  A worm (D:4)
  6 orcs
  8 endoplasms
  4 giant cockroaches
  4 goblins
  3 hobgoblins
  4 jackals (D:4)
  4 kobolds
  2 quokkas
  2 ball pythons
  A bat (D:1)
  A rat (D:3)
58 creatures vanquished.

Vanquished Creatures (others)
  3 orcs (D:5)
  6 plants (D:5)
9 creatures vanquished.

Grand Total: 67 creatures vanquished

Notes
Turn   | Place    | Note
-------+----------+-------------------------------------------
     0 | D:1      | horus123 the Human Fighter began the quest for the Orb.
     0 | D:1      | Reached XP level 1. HP: 18/18 MP: 1/1
   194 | D:1      | Reached XP level 2. HP: 24/24 MP: 2/2
  1394 | D:2      | Reached XP level 3. HP: 28/29 MP: 3/3
  1541 | D:2      | Noticed Jessica
  1546 | D:2      | Found a faded altar of an unknown god.
  1551 | D:2      | Killed Jessica
  1802 | D:2      | Found a snail-covered altar of Cheibriados.
  1818 | D:2      | Reached XP level 4. HP: 18/35 MP: 4/4
  2562 | D:3      | Noticed Terence
  2575 | D:3      | Killed Terence
  2713 | D:3      | Found a stormy altar of Qazlal.
  2999 | D:3      | Reached XP level 5. HP: 19/41 MP: 5/5
  3541 | D:3      | Reached skill level 4 in Armour
  4155 | D:4      | Reached XP level 6. HP: 28/47 MP: 6/6
  4528 | D:4      | Identified the +7 whip of the Screaming Moth {flame, rPois
                  | rF+ Int-4 Dex+2}
  4806 | D:5      | Entered Level 5 of the Dungeon
  4806 | D:5      | Noticed a necrophage
  4814 | D:5      | Killed a necrophage
  4815 | D:5      | Reached skill level 1 in Dodging
  4862 | D:5      | Noticed a necrophage
  4873 | D:5      | Killed a necrophage
  4874 | D:5      | Reached XP level 7. HP: 48/54 MP: 7/7
  4994 | D:5      | Reached skill level 5 in Armour
  5444 | D:5      | Found a staircase to the Ecumenical Temple.
  5462 | Temple   | Entered the Ecumenical Temple
  5519 | Temple   | Became a worshipper of Elyvilon the Healer
  5919 | D:5      | Found an opulent altar of Gozag.
  6111 | D:5      | Noticed a shadow
  6112 | D:5      | Found a shadowy altar of Dithmenos.
  6113 | D:5      | Found a hazy altar of Hepliaklqana.
  6169 | D:5      | Noticed a steam dragon
  6183 | D:5      | HP: 1/55 [something/magic dart (3)]
  6184 | D:5      | Engulfed by a steam dragon's steam

Illustrated notes

Levels and vault maps discovered:
D:1:      dpeg_arrival_rhombi, layout_basic, minmay_misc_feat_hallway
D:2:      layout_loops_cross, basic_ecumenical_altar, basic_altar,
          roderic_serpentine_path, uniq_jessica
D:3:      layout_loops_ring, nicolae_qazlal_scattered_showers, uniq_terence
D:4:      layout_basic
D:5:      layout_rooms, riverfiend_overflow_shadow_ancestor,
          nicolae_overflow_hidden_temple, minmay_temple_entry_oklob
Temple:   dpeg_three_leaves_temple

Skill      XL: |  1  2  3  4  5  6  7 |
---------------+----------------------+-----
Armour         | 4 5 |  5.4
Long Blades    | 3 4 |  4.2
Shields        | 4 |  4.8
Dodging        | 1 |  1.3
Fighting       | 4 |  4.3
Stealth        | |  0.2

Action                   |  1- 3 |  4- 6 |  7- 9 || total
-------------------------+-------+-------+-------++-------
Melee: Long sword        |    82 |   157 |    82 ||   321
Evoke: Wand              |       |       |     1 ||     1
  Use: Scroll            |     2 |     6 |     2 ||    10
       Potion            |       |     1 |     2 ||     3
Armor: Scale mail        |    46 |   107 |    41 ||   194
Dodge: Dodged            |    26 |    67 |    33 ||   126
Block: Kite shield       |    48 |   123 |    48 ||   219
       Rpst.: Long sword |     9 |    20 |     6 ||    35
